 Dungeon Crawl Stone Soup version 0.30-a0-779-g7971cf19c3 (webtiles) character file.

Game seed: 4796013142221809114

156 elagabalus the Magician (level 5, -1/29 (35) HPs)
             Began as a Djinni Venom Mage on Feb 18, 2023.
             Was an Initiate of Ashenzari.
             Slain by an iron imp (3 damage)
             ... on level 3 of the Dungeon.
             The game lasted 00:20:05 (1488 turns).

elagabalus the Magician (Djinni Venom Mage)         Turns: 1488, Time: 00:20:06

HP:   -1/29 (35)    AC:  6    Str:  7    XL:     5   Next: 64%
Gold: 106           EV: 12    Int: 19    God:    Ashenzari [......] SH:  0 Dex: 13

rFire   + + .      SeeInvis .    e - +1 short sword (elec)
rCold   x . .      Faith    .    (no shield)
rNeg    . . .      Spirit   .    a - +0 robe
rPois   ∞          Reflect  .    h - +2 helmet
rElec   .          Harm     .    k - +0 cloak
rCorr   .          Rampage  .    (no gloves)
Will    .....                    (boots unavailable)
Stlth   ++                       (no amulet)
HPRegen 0.24/turn                (no ring)
MPRegen 0.00/turn                (no ring)

@: flying, heavily drained
A: sickness immunity, fire resistance 2, cold vulnerability 1, float, innate
caster, HP casting, extra vitality 1
a: Renounce Religion, Curse Item


You were on level 3 of the Dungeon.
You worshipped Ashenzari.
Ashenzari was noncommittal.
You visited 1 branch of the dungeon, and saw 3 of its levels.

You collected 106 gold pieces.

Inventory:

Hand Weapons
 e - a +1 short sword of electrocution (weapon)
Armour
 a - a +0 robe (worn)
 h - a +2 helmet (worn)
 k - a +0 cloak (worn)
Scrolls
 d - 2 scrolls of teleportation
 g - a scroll of identify {unknown}
 j - a scroll of summoning {unknown}
 l - a scroll of fog {unknown}
Potions
 b - a potion of lignification {unknown}
 c - 2 potions of flight {unknown}
 f - a potion of ambrosia {unknown}
 i - a potion of curing {unknown}


   Skills:
 - Level 2.1 Dodging
 - Level 1.5 Stealth
 * Level 4.5 Spellcasting


You couldn't memorise any spells.
You knew the following spells:

 Your Spells              Type           Power      Damage    Failure   Level
a - Sting                 Tmut/Pois      84%        1d7       1%          1
b - Poisonous Vapours     Pois/Air       42%        N/A       3%          2
c - Mephitic Cloud        Conj/Pois/Air  21%        N/A       6%          3
d - Olgreb's Toxic Radia  Pois           21%        N/A       21%         4
e - Kiss of Death         Conj/Necr      84%        2d11      1%          1
f - Static Discharge      Conj/Air       42%        2-4/arc   3%          2
Your spell library was empty.

Dungeon Overview and Level Annotations

Branches:
Dungeon (3/15)

Altars:
Ashenzari
Makhleb


Innate Abilities, Weirdness & Mutations

You are immune to sickness and miasma.
You are immune to poison.
Your flesh is very heat resistant. (rF++)
You are vulnerable to cold. (rC-)
You float through the air rather than walking.
You learn spells naturally, not from books.
Your magical power is your life essence.
You have superior vitality. (+4 MHP)


Message History

Casting: Poisonous Vapours (safe; 3% risk of failure)
Confirm with . or Enter, or press ? or * to list all spells.
The air crackles with electrical energy.
Aiming: Poisonous Vapours (safe; 3% risk of failure)
Press: ? - help, Q - select action, (/) - cycle Dir - move target, f - you
Okay, then.
Casting: Poisonous Vapours (safe; 3% risk of failure)
Confirm with . or Enter, or press ? or * to list all spells.
Aiming: Kiss of Death (safe; 1% risk of failure)
Press: ? - help, Shift-Dir - straight line, f - iron imp
Aim: an iron imp (100% to hit)
The negative energy hits the iron imp.
The iron imp completely resists.
You feel drained. The iron imp hits you.
Casting: Kiss of Death (safe; 1% risk of failure)
Confirm with . or Enter, or press ? or * to list all spells.
The iron imp is struck by an arc of lightning.
The iron imp completely resists.
You are struck by an arc of lightning.
* * * LOW HITPOINT WARNING * * *
The lightning grounds out.
* * * LOW HITPOINT WARNING * * *
The iron imp misses you.
Casting: Static Discharge (safe; 3% risk of failure)
Confirm with . or Enter, or press ? or * to list all spells.
The iron imp is struck by an arc of lightning.
The iron imp resists.
The iron imp is lightly wounded.
You are struck by an arc of lightning.
* * * LOW HITPOINT WARNING * * *
The iron imp is struck by an arc of lightning.
The iron imp resists.
The iron imp is lightly wounded.
You are struck by an arc of lightning.
* * * LOW HITPOINT WARNING * * *
The lightning grounds out.
* * * LOW HITPOINT WARNING * * *
Casting: Static Discharge (safe; 3% risk of failure)
Confirm with . or Enter, or press ? or * to list all spells.
You don't have enough health to cast this spell.
The iron imp hits you.
You die...

############
#..5........
#5≈§.$.....≈
#.§≈..._...≈
#.≈≈.......≈
#..≈≈.....≈≈.
#..5≈≈≈.≈≈≈..
#...@≈≈8≈≈....
#......≈......
#.............
#.............
#.............
#.............
......
#####.....###
...... #.....#
......######.....##


You could see 3 iron imps.

Vanquished Creatures
  A kobold brigand (D:3)
  3 adders (D:2)
  3 dart slugs
  2 ball pythons
  2 endoplasms (D:2)
  3 goblins
  7 hobgoblins
  6 jackals (D:1)
  11 kobolds
  3 quokkas (D:2)
  5 bats
  3 frilled lizards
  5 rats (D:1)
54 creatures vanquished.

Notes
Turn   | Place    | Note
-------+----------+-------------------------------------------
     0 | D:1      | elagabalus the Djinni Venom Mage began the quest for the
                  | Orb.
     0 | D:1      | elagabalus set off with the following spells memorised:
                  | Sting, Poisonous Vapours, Mephitic Cloud, Olgreb's Toxic
                  | Radiance.
     0 | D:1      | Reached XP level 1. HP: 15/15 MP: 0/0
    49 | D:1      | Reached XP level 2. HP: 17/21 MP: 0/0
   155 | D:1      | Reached skill level 3 in Spellcasting
   399 | D:1      | Reached XP level 3. HP: 24/25 MP: 0/0
   399 | D:1      | Learned a level 1 spell: Kiss of Death
   626 | D:2      | Found a faded altar of an unknown god.
   646 | D:2      | Reached XP level 4. HP: 26/28 MP: 0/0
   811 | D:2      | Found a broken altar of Ashenzari.
   820 | D:2      | Became a worshipper of Ashenzari the Shackled
  1414 | D:3      | Reached skill level 4 in Spellcasting
  1422 | D:3      | Noticed a kobold brigand
  1438 | D:3      | Killed a kobold brigand
  1439 | D:3      | Reached XP level 5. HP: 9/35 MP: 0/0
  1439 | D:3      | Learned a level 2 spell: Static Discharge
  1472 | D:3      | Found a burning altar of Makhleb.
  1487 | D:3      | HP: 1/29 [/static electricity (2)]
  1488 | D:3      | Slain by an iron imp

Illustrated notes

Levels and vault maps discovered:
D:1:      dpeg_arrival_simpleton_a, layout_rooms
D:2:      layout_loops_ring, chequers_ecumenical_altar_simple_redux,
          basic_altar, roderic_serpentine_path, minmay_tetromino_i2
D:3:      cheibrodos_thug_alley, layout_basic, mainiacjoe_overflow_brackets,
          demons_altar, mainiacjoe_overflow_surrounded_room

Skill      XL: |  1  2  3  4 |
---------------+-------------+-----
Spellcasting   | 3 4 |  4.5
Dodging        | |  2.1
Stealth        | |  1.5

Action                     |  1- 3 |  4- 6 || total
---------------------------+-------+-------++-------
  Melee: Short sword       |     1 |    10 ||    11
   Cast: Sting             |    10 |    12 ||    22
         Poisonous Vapours |    27 |    18 ||    45
         Kiss of Death     |     1 |     2 ||     3
         Mephitic Cloud    |       |     1 ||     1
         Static Discharge  |       |     3 ||     3
    Use: Scroll            |     1 |       ||     1
 Armour: Robe              |     6 |     2 ||     8
  Dodge: Dodged            |    25 |     9 ||    34

Table legend: (Time is in decaauts)
 A = Elapsed time spent in this place.
 B = Non-inter-level travel time spent in this place.
 C = Inter-level travel time spent in this place.
 D = Time resting spent in this place.
 E = Time spent auto-exploring this place.
 F = Levels seen in this place.
 G = Mean time per level.
                   A        B        C        D        E       F      G
               +--------+--------+--------+--------+--------+-----+--------+
         Total |   1487 |    458 |   1029 |      0 |      0 |   3 |  495.7 |
       Dungeon |   1487 |    458 |   1029 |      0 |      0 |   3 |  495.7 |
               +--------+--------+--------+--------+--------+-----+--------+

Top non-repeatable levels by time:
     D:2: 836 daAuts
     D:1: 525 daAuts
     D:3: 126 daAuts
